Map: [ESL] Goldenaura

Players

Harstem - Winner!

  • Race: Protoss Protoss
  • Spawn Location: 5:00

ShoWTimE

  • Race: Protoss Protoss
  • Spawn Location: 12:00

Event: ESL SC2 Masters 2024 Spring (Regional)

VOD

Have the link to the VOD?

Description

Time

  • Played on: May 3, 2024, 10:08 a.m.
  • Length: 7:58

All games in this series

Show
View Real Time Build Order
Export as new Build Order

Harstem Protoss - Winner!

Build Orders: Phoenix Opening 

Get SALT Encoding   

  12  0:00  Probe  
  13  0:12  Probe  
  14  0:17  Pylon  
  14  0:24  Probe (Chrono Boost)  
  15  0:36  Probe (Chrono Boost)  
  15  0:37  Gateway  
  16  0:45  Probe (Chrono Boost)  
  16  0:47  Assimilator  
  17  0:51  Probe  
  17  0:55  Assimilator  
  18  1:03  Probe (Chrono Boost)  
  19  1:08  Gateway  
  19  1:12  Probe (Chrono Boost)  
  19  1:17  Probe (Chrono Boost)  
  20  1:25  Cybernetics Core  
  21  1:29  Probe  
  22  1:35  Pylon  
  22  1:41  Probe  
  23  1:53  Probe  
  24  1:58  Warp Gate (Chrono Boost)  
  24  2:01  Sentry, Stalker  
  24  2:06  Probe  
  29  2:10  Pylon  
  29  2:18  Probe  
  30  2:26  Pylon  
  30  2:28  Sentry  
  32  2:33  Probe  
  32  2:36  Phoenix  
  33  2:37  Pylon  
  33  2:38  Sentry  
  35  2:53  Nexus  
  35  2:58  Stalker  
  37  3:06  Stalker  
  37  3:12  Pylon  
  39  3:19  Shield Battery  
  39  3:26  Shield Battery  
  39  3:28  Stalker x2  
  39  3:31  Probe  
  40  3:34  Shield Battery  
  40  3:41  Stalker  
  40  3:44  Stalker  
  44  3:49  Cybernetics Core  
  44  3:52  Probe  
  45  4:04  Probe  
  45  4:05  Twilight Council  
  46  4:14  Probe  
  43  4:19  Stalker x2  
  43  4:22  Probe (Chrono Boost)  
  46  4:27  Probe (Chrono Boost)  
  45  4:34  Probe (Chrono Boost)  
  45  4:38  Probe (Chrono Boost)  
  45  4:42  Stalker x2, Probe (Chrono Boost)  
  45  4:43  Probe (Chrono Boost)  
  45  4:44  Blink (Chrono Boost)  
  50  5:00  Robotics Facility  
  49  5:08  Stalker  
  49  5:11  Probe  
  50  5:15  Probe  
  50  5:17  Zealot  
  50  5:19  Pylon  
  50  5:20  Pylon  
  53  5:23  Probe  
  53  5:25  Cybernetics Core  
  53  5:27  Probe  
  53  5:33  Stalker  
  53  5:35  Probe  
  56  5:39  Probe  
  56  5:41  Stalker, Gateway  
  59  5:44  Observer (Chrono Boost)  
  59  5:45  Gateway  
  59  5:46  Assimilator  
  59  5:49  Probe  
  61  5:57  Stalker  
  63  6:07  Pylon  
  63  6:08  Stalker  
  65  6:12  Nexus  
  65  6:19  Probe  
  65  6:20  Observer  
  65  6:22  Stalker  
  69  6:26  Pylon, Probe  
  70  6:33  Stalker  
  70  6:35  Pylon  
  70  6:37  Stalker  
  70  6:38  Probe  
  75  6:41  Stalker  
  75  6:46  Observer  
  77  6:51  Probe  
  77  6:53  Stalker, Probe  
  81  7:01  Stalker x2  
  81  7:03  Probe  
  81  7:06  Probe, Forge  
  87  7:10  Stalker  
  87  7:15  Probe  
  90  7:18  Probe  
  90  7:19  Stalker  
  90  7:21  Pylon  
  93  7:28  Probe  
  94  7:32  Stalker x2  
  94  7:34  Stalker  
  94  7:36  Probe  
  101  7:50  Stalker  
Show
View Real Time Build Order
Export as new Build Order

ShoWTimE Protoss 

Build Orders: Oracle Opening 

Get SALT Encoding   

  12  0:00  Probe  
  13  0:12  Probe  
  14  0:17  Pylon  
  14  0:24  Probe (Chrono Boost)  
  15  0:36  Probe (Chrono Boost), Gateway  
  16  0:44  Probe (Chrono Boost)  
  16  0:46  Assimilator  
  17  0:50  Probe  
  18  1:03  Probe (Chrono Boost)  
  19  1:04  Assimilator  
  19  1:10  Gateway  
  19  1:14  Probe (Chrono Boost)  
  20  1:19  Probe (Chrono Boost)  
  20  1:25  Cybernetics Core  
  21  1:29  Probe  
  22  1:36  Pylon  
  22  1:41  Probe  
  23  1:54  Probe  
  24  2:01  Adept x2  
  24  2:02  Warp Gate  
  24  2:06  Probe  
  29  2:13  Pylon  
  29  2:22  Stargate  
  29  2:29  Probe  
  30  2:45  Probe  
  31  2:53  Nexus  
  31  2:59  Probe  
  31  3:02  Oracle (Chrono Boost)  
  35  3:11  Probe  
  36  3:14  Pylon  
  36  3:24  Probe  
  37  3:29  Oracle (Chrono Boost)  
  40  3:36  Probe  
  41  3:43  Shield Battery  
  41  3:48  Probe  
  42  3:49  Twilight Council  
  42  3:57  Stalker  
  42  3:58  Stalker  
  46  4:05  Shield Battery  
  46  4:15  Probe  
  36  4:25  Stalker x2  
  36  4:28  Probe  
  40  4:31  Probe  
  40  4:35  Blink (Chrono Boost)  
  38  4:41  Probe  
  40  4:52  Stalker, Shield Battery  
  42  4:55  Stalker  
  42  4:59  Probe x2  
  39  5:15  Stalker  
  39  5:16  Probe  
  39  5:19  Stalker  
  39  5:21  Probe  
  41  5:28  Probe  
  43  5:35  Probe  
  43  5:40  Stalker, Probe  
  43  5:41  Stalker, Gateway  
  48  5:45  Assimilator  
  48  5:47  Probe  
  49  5:53  Probe  
  50  6:00  Probe  
  50  6:01  Nexus  
  50  6:04  Pylon  
  51  6:06  Probe  
  52  6:12  Stalker, Probe  
  52  6:14  Stalker  
  52  6:18  Probe  
  58  6:24  Probe  
  59  6:30  Shield Battery, Probe  
  60  6:36  Stalker x2, Probe (Chrono Boost)  
  60  6:37  Stalker  
  67  6:43  Probe (Chrono Boost)  
  67  6:44  Pylon  
  68  6:48  Forge, Probe (Chrono Boost)  
  70  6:54  Probe (Chrono Boost)  
  70  7:00  Probe x2 (Chrono Boost)  
  70  7:02  Pylon  
  70  7:04  Stalker  
  70  7:08  Stalker  
  76  7:11  Robotics Facility  
  76  7:13  Probe (Chrono Boost)  
  79  7:16  Probe x2 (Chrono Boost)  
  79  7:17  Stalker  
  82  7:23  Probe (Chrono Boost)  
  82  7:26  Probe x2 (Chrono Boost)  
  82  7:28  Shield Battery  
  82  7:29  Stalker  
  86  7:34  Stalker  
  88  7:38  Gateway  
  86  7:44  Stalker  
  76  7:53  Stalker  
Tags
 
Add a new tag
Caveats
  • Supply blocks, unpowered buildings, or Contaminate may cause inaccurate times.
  • Supply counts are checked every 10 seconds.